 Dungeon Crawl Stone Soup version 0.31-a0-196-g86fe4a5e66 (webtiles) character file.

Game seed: 15069204769948442297

46 Anon1729 the Trooper (level 3, -1/29 HPs)
             Began as a Mummy Monk on June 24, 2023.
             Slain by a rat (3 damage)
             ... on level 2 of the Dungeon.
             The game lasted 00:01:05 (1186 turns).

Anon1729 the Trooper (Mummy Monk)                   Turns: 1186, Time: 00:01:06

Health: -1/29      AC:  2    Str: 14    XL:     3   Next: 44%
Magic:  3/3        EV: 12    Int: 11    God:
Gold:   47         SH:  0    Dex: 14    Spells: 2/2 levels left

rFire   x . .        a - +0 short sword
rCold   + . .        c - orb {light}
rNeg    + + +        b - +0 robe
rPois   ∞            (no helmet)
rElec   .            (no cloak)
rCorr   .            (no gloves)
SInv    .            (no boots)
Will    .....        (no amulet)
Stlth   +            (no ring)
HPRegen 0.24/turn    (no ring)
MPRegen 0.08/turn

%: faith
@: glowing
A: cold resistance 1, negative energy resistance 3, torment resistance 2, heat
vulnerability 1, in touch with death 1, no potions, faith
a: no special abilities


You were on level 2 of the Dungeon.
You visited 1 branch of the dungeon, and saw 2 of its levels.

You collected 47 gold pieces.

Inventory:

Hand Weapons
 a - a +0 short sword (weapon)
Armour
 b - a +0 robe (worn)
 c - an orb of light (worn)
Jewellery
 e - a +6 ring of intelligence
Scrolls
 d - a scroll of teleportation {unknown}
 f - a scroll of immolation {unknown}
 g - a scroll of amnesia {unknown}
 h - a scroll of poison {unknown}


   Skills:
 + Level 3.3 Fighting
 + Level 2.7 Short Blades
 + Level 2.7 Dodging
 + Level 1.0 Stealth
 + Level 1.1 Necromancy


You had 2 spell levels left.
You didn't know any spells.
Your spell library was empty.

Dungeon Overview and Level Annotations

Branches:
Dungeon (2/15)

Altars:


Innate Abilities, Weirdness & Mutations

You are immune to poison.
Your flesh is cold resistant. (rC+)
You are immune to negative energy. (rN+++)
You are immune to unholy pain and torment.
You are vulnerable to heat. (rF-)
You are in touch with the powers of death.
You do not drink.
You have a special connection with the divine. (Faith)


Message History

The goblin is moderately wounded.
The goblin barely misses you.
You hit the goblin.
The goblin is severely wounded.
The goblin hits you but does no damage.
You hit the goblin.
You kill the goblin!
You hit the ball python.
The ball python is moderately wounded.
The ball python barely misses you. The ball python grabs you.
The ball python constricts you.
You hit the ball python.
You kill the ball python!
You hit the jackal but do no damage. The jackal bites you.
* * * LOW HITPOINT WARNING * * *
The jackal bites you but does no damage.
You closely miss the jackal. The jackal bites you.
* * * LOW HITPOINT WARNING * * *
You hit the jackal.
The jackal is moderately wounded.
The jackal misses you.
You hit the jackal.
The jackal is severely wounded.
The jackal barely misses you.
You barely miss the jackal.
The jackal is severely wounded.
The jackal closely misses you.
You hit the jackal.
You kill the jackal!
You barely miss the rat. You barely miss the rat.
The rat bites you but does no damage.
You hit the rat.
The rat is heavily wounded.
The rat twitches its whiskers.
The rat bites you.
* * * LOW HITPOINT WARNING * * *
You hit the rat but do no damage.
The rat is heavily wounded.
The rat bites you.
You die...

..............#....#
.....†.............#
...................#
####...............#
#####.......#....#
#...........#....#
#...........#.#######
###...........#.##....#
.........######.@rw...#
........## ####....#
........# #).###
........#
##...##########
.......[#
###..........#
........# #..........#
........# #..........#
######### #..........##
#............


You could see a dart slug and a rat.

Vanquished Creatures
  An adder (D:2)
  2 dart slugs (D:1)
  4 endoplasms
  4 goblins
  4 hobgoblins (D:1)
  2 jackals (D:2)
  4 kobolds (D:1)
  A quokka (D:1)
  3 ball pythons
  4 bats
  2 rats (D:1)
31 creatures vanquished.

Notes
Turn   | Place    | Note
-------+----------+-------------------------------------------
     0 | D:1      | Anon1729 the Mummy Monk began the quest for the Orb.
     0 | D:1      | Reached XP level 1. HP: 18/18 MP: 1/1
   251 | D:1      | Reached XP level 2. HP: 23/24 MP: 2/2
   980 | D:1      | Reached skill level 1 in Necromancy
  1024 | D:1      | Gained mutation: You are in touch with the powers of death.
                  | [Mummy growth]
  1024 | D:1      | Reached XP level 3. HP: 27/29 MP: 3/3
  1117 | D:2      | Reached skill level 1 in Stealth
  1130 | D:2      | Identified the +4 hand axe of Disgust {holy, rF+}
  1186 | D:2      | Slain by a rat

Illustrated notes

Levels and vault maps discovered:
D:1:      lightli_arrival_statuegarden, layout_loops_corners
D:2:      layout_basic, nicolae_ecumenical_oubliette

Skill      XL: |  1  2  3 |
---------------+----------+-----
Necromancy     | 1 |  1.1
Stealth        | 1 |  1.0
Fighting       | |  3.3
Short Blades   | |  2.7
Dodging        | |  2.7

Action                     || total
---------------------------++-------
  Melee: Short sword       ||   138
 Armour: Robe              ||    35
  Dodge: Dodged            ||    72

Table legend: (Time is in decaauts)
 A = Elapsed time spent in this place.
 B = Non-inter-level travel time spent in this place.
 C = Inter-level travel time spent in this place.
 D = Time resting spent in this place.
 E = Time spent auto-exploring this place.
 F = Levels seen in this place.
 G = Mean time per level.
                   A        B        C        D        E       F      G
               +--------+--------+--------+--------+--------+-----+--------+
         Total |   1168 |   1139 |     29 |     52 |    872 |   2 |  584.0 |
       Dungeon |   1168 |   1139 |     29 |     52 |    872 |   2 |  584.0 |
               +--------+--------+--------+--------+--------+-----+--------+

Top non-repeatable levels by time:
     D:1: 1054 daAuts
     D:2: 113 daAuts
